Map: Invader LE

Players

capac

  • Race: Terran Terran
  • League: Gold

sopran - Winner!

  • Race: Terran Terran
  • League: Gold

VOD

Have the link to the VOD?

Description

Time

  • Played on: April 10, 2016, 10:16 a.m.
  • Length: 19:05
Show
View Real Time Build Order
Export as new Build Order

capac Terran 

Build Orders: Reaper Expand, MMM Bio 

Get SALT Encoding   

  12  0:01  SCV  
  13  0:13  SCV  
  14  0:18  Supply Depot  
  14  0:25  SCV  
  15  0:40  SCV  
  15  0:42  Barracks  
  16  0:46  Refinery  
  16  0:52  SCV  
  17  1:04  SCV  
  18  1:16  SCV  
  19  1:29  Orbital Command  
  19  1:32  Reaper  
  20  1:44  Command Center  
  20  1:58  Supply Depot  
  20  1:59  SCV  
  21  2:05  Barracks Reactor  
  21  2:12  SCV  
  22  2:17  Barracks  
  22  2:28  Factory  
  22  2:30  SCV  
  23  2:41  Marine x2  
  23  2:42  SCV  
  26  2:48  Refinery  
  26  2:55  SCV  
  26  2:56  Orbital Command  
  27  2:59  Marine x2  
  29  3:07  Barracks Tech Lab  
  29  3:10  Engineering Bay  
  29  3:12  Factory Tech Lab  
  29  3:22  Marine x2  
  31  3:27  SCV  
  31  3:29  SCV  
  31  3:32  Marine  
  31  3:34  Stimpack  
  34  3:40  SCV  
  34  3:41  SCV  
  36  3:47  Starport  
  36  3:50  Marine  
  36  3:52  SCV  
  36  3:53  SCV  
  38  4:05  SCV x2  
  38  4:08  Marine x2  
  38  4:09  Marine  
  43  4:12  Supply Depot  
  43  4:15  Siege Tank  
  46  4:21  Refinery  
  46  4:23  Refinery  
  46  4:24  Starport Reactor  
  46  4:28  Supply Depot  
  46  4:34  Marine x3, SCV x2  
  51  4:46  SCV x2  
  51  4:50  Siege Tank  
  56  4:58  Marine x3, SCV x2  
  61  5:02  Medivac x2  
  61  5:05  Supply Depot  
  65  5:10  SCV x2  
  67  5:22  SCV x2  
  67  5:24  Marine  
  67  5:26  Marine x2  
  67  5:27  Supply Depot  
  72  5:35  SCV x2  
  74  5:42  Marine  
  75  5:44  Marine x2  
  75  5:49  Command Center  
  77  5:55  Medivac x2  
  81  6:00  Marine  
  81  6:02  Marine  
  83  6:04  Supply Depot, SCV  
  84  6:25  Siege Tank  
  84  6:27  Supply Depot  
  84  6:29  Missile Turret  
  84  6:30  Marine x2  
  84  6:31  Marine  
  90  6:50  Liberator x2  
  90  6:57  Widow Mine  
  92  7:02  Marine x3, SCV x2  
  103  7:20  Marine  
  90  7:26  Siege Tank  
  82  7:35  Marine x2  
  74  7:38  Marine  
  72  7:50  SCV  
  72  7:51  Barracks, SCV  
  74  7:52  Marine x2  
  74  7:55  Missile Turret  
  74  7:56  Missile Turret  
  76  8:01  Siege Tank  
  76  8:02  Medivac  
  76  8:03  Medivac  
  83  8:11  Starport  
  83  8:16  Barracks  
  83  8:25  Missile Turret  
  83  8:27  SCV x2  
  83  8:28  Missile Turret  
  85  8:34  Siege Tank  
  85  8:37  Medivac x2  
  85  8:39  Marine x3  
  95  8:41  SCV x2  
  95  8:48  Missile Turret x2  
  97  8:50  Missile Turret  
  97  8:55  Terran Infantry Weapons Level 1, Starport Reactor  
  97  8:56  Combat Shields  
  97  8:57  Supply Depot  
  97  8:58  SCV x2  
  97  9:00  Barracks Reactor  
  99  9:05  Liberator x2  
  99  9:06  Supply Depot  
  99  9:07  Barracks Reactor  
  99  9:10  Barracks  
  99  9:15  Marine x3  
  102  9:21  Factory  
  108  9:27  SCV  
  108  9:28  SCV  
  110  9:33  Orbital Command  
  110  9:40  Refinery x2  
  110  9:43  SCV x2  
  110  9:44  Marine x3  
  110  9:45  Marine x4  
  119  9:55  SCV x2  
  119  9:57  Supply Depot  
  121  10:02  Marine x4, Medivac x2  
  121  10:03  Marine  
  121  10:05  Supply Depot  
  130  10:07  SCV  
  130  10:13  SCV x2  
  133  10:14  Factory Tech Lab  
  133  10:17  Factory  
  133  10:18  Marine x3  
  133  10:20  Marine  
  137  10:33  Liberator  
  137  10:34  Siege Tank, Liberator  
  137  10:35  Liberator  
  140  10:36  Liberator  
  134  10:54  Marine x3  
  149  10:57  Barracks Reactor  
  149  11:01  Supply Depot  
  149  11:03  Supply Depot  
  149  11:04  Concussive Shells, Marine x4  
  149  11:05  Siege Tank  
  149  11:06  Siege Tank  
  159  11:16  SCV x2  
  159  11:17  SCV  
  162  11:19  Liberator  
  162  11:20  Factory Tech Lab, Liberator x3  
  162  11:23  Missile Turret  
  162  11:25  Missile Turret  
  162  11:27  Marine x5  
  162  11:28  Marine  
  162  11:29  Marine  
  181  12:01  Supply Depot  
  181  12:18  Command Center  
  181  12:22  Marine x8  
  189  12:23  Supply Depot  
  189  12:26  Supply Depot x2  
  189  12:28  Liberator x2  
  189  12:30  Liberator  
  189  12:42  Starport  
  189  12:45  Starport  
  198  13:24  Command Center  
  198  13:46  Planetary Fortress  
  154  14:21  Marine x5  
  154  14:22  Marine x4  
  154  14:23  Siege Tank x3  
  146  14:35  Medivac x4  
  142  14:53  Starport Tech Lab, Starport Reactor  
  142  14:55  Siege Tank  
  142  14:57  Armory x2  
  142  14:58  Marine x3  
  142  14:59  Marine x6  
  154  15:02  Liberator  
  154  15:05  Medivac x4  
  162  15:16  Marine x4  
  162  15:17  Marine  
  170  15:31  Marine x4  
  170  15:34  Marine x2  
  168  15:50  Liberator x2  
  160  16:01  Siege Tank  
  160  16:02  Marine, Siege Tank x2  
  160  16:03  Marine x6  
  159  16:08  Refinery x2  
  143  16:32  Missile Turret  
  143  16:33  Siege Tank  
  143  16:34  Siege Tank x2  
  143  16:36  Liberator x3  
  151  16:50  Marine x3  
  151  16:51  Marine x5  
  157  17:17  Marine x3  
  157  17:18  Marine x5  
  157  17:19  Marine  
  147  17:30  Siege Tank x3  
  147  17:35  Marine x4  
  147  17:36  Marine x4  
  152  17:45  Marine  
  140  17:53  Marine x5  
  142  18:00  Marine x2  
  142  18:03  Medivac x2  
  102  18:31  Marine x4  
  102  18:32  Marine x5  
Show
View Real Time Build Order
Export as new Build Order

sopran Terran - Winner!

Build Orders: Bio Tank 

Get SALT Encoding   

  12  0:02  SCV  
  13  0:15  SCV  
  13  0:19  Supply Depot  
  14  0:27  SCV  
  15  0:41  SCV  
  15  0:42  Barracks  
  16  0:53  SCV  
  17  0:58  Supply Depot  
  17  1:05  SCV  
  18  1:17  SCV  
  19  1:29  SCV  
  19  1:31  Marine  
  21  1:40  Command Center  
  21  1:41  SCV  
  22  1:49  Marine  
  22  1:53  SCV  
  24  2:07  Marine  
  25  2:09  SCV  
  26  2:20  Refinery  
  26  2:21  Orbital Command  
  26  2:25  Marine  
  27  2:43  Marine  
  28  2:47  SCV  
  29  2:53  Command Center  
  29  2:59  SCV  
  29  3:01  Marine  
  29  3:03  Orbital Command  
  31  3:10  Refinery  
  31  3:11  SCV  
  32  3:23  Factory  
  32  3:26  SCV  
  33  3:37  Orbital Command  
  32  3:47  Engineering Bay  
  32  3:48  SCV  
  33  3:51  Command Center  
  33  4:00  SCV  
  34  4:05  SCV  
  34  4:09  Orbital Command  
  35  4:12  Refinery  
  35  4:16  Missile Turret  
  35  4:17  SCV  
  35  4:21  Missile Turret  
  35  4:22  SCV  
  37  4:27  Factory Tech Lab  
  37  4:31  Barracks Tech Lab  
  37  4:33  Factory  
  37  4:34  SCV  
  37  4:38  Missile Turret  
  38  4:39  Starport  
  38  4:42  Supply Depot, SCV x2  
  40  4:46  SCV  
  41  4:52  Missile Turret  
  41  4:54  Marine, SCV  
  41  4:59  Barracks  
  43  5:03  Stimpack  
  43  5:04  Orbital Command  
  43  5:07  SCV  
  43  5:08  SCV  
  43  5:13  Refinery, Marine  
  46  5:16  Siege Tank  
  46  5:19  Missile Turret  
  46  5:20  Factory Tech Lab  
  49  5:22  Missile Turret  
  49  5:25  SCV  
  49  5:26  SCV  
  51  5:31  SCV  
  51  5:32  SCV  
  53  5:36  Refinery, Marine  
  53  5:37  SCV  
  53  5:38  SCV  
  53  5:40  Starport Reactor  
  53  5:41  Terran Infantry Weapons Level 1  
  56  5:44  Engineering Bay  
  56  5:46  Supply Depot  
  56  5:48  Barracks Tech Lab  
  56  5:52  Barracks  
  56  5:55  Siege Tank  
  59  5:57  SCV  
  59  5:58  SCV x2  
  59  5:59  SCV  
  63  6:08  Marine x2  
  63  6:09  SCV  
  66  6:18  SCV  
  67  6:19  Refinery  
  67  6:20  SCV  
  67  6:23  Refinery  
  68  6:27  Siege Tank  
  68  6:28  Siege Tank  
  68  6:30  SCV  
  68  6:31  Marauder  
  68  6:32  SCV, Combat Shields  
  78  6:34  SCV  
  79  6:42  Refinery, SCV  
  79  6:44  SCV  
  81  6:54  Supply Depot, SCV  
  81  6:57  Terran Infantry Armor Level 1  
  81  6:59  Viking, Medivac  
  86  7:05  Supply Depot, Starport  
  86  7:06  SCV  
  87  7:17  Supply Depot  
  87  7:18  SCV  
  84  7:27  Supply Depot  
  70  7:35  Building Armor  
  70  7:36  SCV  
  66  7:37  SCV x3  
  66  7:39  Supply Depot  
  69  7:48  SCV  
  69  7:49  Starport Tech Lab, SCV x3  
  73  7:52  Barracks Tech Lab  
  73  7:56  Barracks  
  73  7:57  Supply Depot  
  73  7:59  Barracks  
  73  8:01  Barracks, SCV x4  
  73  8:04  Marine x2  
  79  8:07  Siege Tank  
  79  8:09  Siege Tank  
  85  8:12  Missile Turret  
  85  8:19  Supply Depot  
  85  8:22  Marine x2  
  85  8:24  Supply Depot  
  87  8:31  Viking x2, Medivac  
  87  8:33  Missile Turret  
  93  8:34  Armory  
  93  8:40  Marine x2, Siege Tank  
  93  8:41  Siege Tank  
  101  8:42  Supply Depot  
  101  8:47  Supply Depot  
  101  8:50  Command Center  
  101  8:58  SCV  
  101  9:00  Medivac  
  104  9:08  Barracks Tech Lab x2  
  104  9:10  SCV  
  104  9:16  Barracks Tech Lab  
  105  9:17  Barracks  
  105  9:19  Supply Depot  
  105  9:22  SCV  
  106  9:34  Marine x2, SCV  
  106  9:36  Marine  
  106  9:37  Marine x3  
  106  9:38  Concussive Shells  
  113  9:39  Terran Infantry Weapons Level 2  
  113  9:40  Terran Infantry Armor Level 2  
  113  9:42  Armory  
  113  9:43  Supply Depot  
  113  9:46  Viking, SCV, Medivac  
  113  9:47  Viking  
  113  9:49  High Capacity Fuel Tanks  
  113  9:52  Marine x2  
  122  9:53  Starport  
  122  9:54  Marine  
  122  9:55  Starport, Marine x3  
  122  9:58  SCV  
  127  10:03  Orbital Command  
  127  10:06  Supply Depot, Command Center  
  127  10:16  Viking, Terran Vehicle And Ship Armor Level 1, Medivac  
  131  10:27  Barracks Tech Lab  
  131  10:29  Supply Depot, Thor x2  
  142  10:36  Factory  
  138  10:47  Missile Turret  
  138  10:48  Starport Tech Lab  
  138  10:57  Armory  
  138  11:04  Starport Tech Lab  
  138  11:06  Command Center  
  138  11:07  Viking, Banshee, Missile Turret  
  138  11:08  Viking, Banshee  
  148  11:18  Command Center  
  148  11:28  Missile Turret  
  148  11:29  Orbital Command  
  148  11:37  Viking  
  148  11:38  Viking, Missile Turret  
  152  11:42  Orbital Command  
  152  11:43  Missile Turret  
  152  11:48  Missile Turret  
  152  11:50  Banshee  
  155  11:55  Terran Vehicle Weapons Level 1, Terran Ship Weapons Level 1  
  155  12:08  Factory Tech Lab  
  155  12:13  Refinery  
  155  12:16  Factory  
  155  12:20  Refinery  
  155  12:22  Viking x2, Banshee x2  
  162  12:25  Orbital Command  
  162  12:27  Refinery  
  165  12:30  Orbital Command  
  165  12:32  Refinery  
  165  12:33  Viking  
  167  12:37  Orbital Command  
  167  12:45  Refinery  
  167  12:55  Factory  
  167  13:06  Command Center  
  167  13:07  Refinery, Command Center  
  167  13:08  Refinery  
  167  13:12  Missile Turret  
  167  13:21  Terran Infantry Weapons Level 3  
  167  13:22  Terran Infantry Armor Level 3  
  167  13:32  Missile Turret  
  167  13:42  Refinery  
  167  13:49  Factory Tech Lab  
  167  13:51  Factory Tech Lab  
  167  13:52  Factory, Missile Turret  
  167  14:00  Viking x5  
  116  14:30  Viking x5  
  104  14:33  Thor x2  
  104  14:34  Thor x3  
  104  14:36  Marauder  
  104  14:37  Marauder x2  
  140  14:58  Factory Tech Lab  
  140  15:00  Viking x2  
  140  15:01  Marauder, Marine x2  
  140  15:02  Marauder x2  
  140  15:03  Banshee x2  
  158  15:08  Cloaking Field  
  158  15:16  Thor x2  
  158  15:17  Thor, Siege Tank  
  179  15:24  Terran Vehicle And Ship Armor Level 2  
  179  15:25  Terran Vehicle Weapons Level 2, Terran Ship Weapons Level 2  
  151  16:06  Thor x6  
  151  16:10  Orbital Command  
  179  16:11  Banshee  
  179  16:13  Banshee  
  185  16:28  Marauder x2, Marine x2  
  185  16:29  Marauder  
  193  16:48  Thor  
  199  16:59  Refinery  
  199  17:00  Refinery  
  190  17:06  Thor x3  
  189  17:18  Marine x7  
  177  17:35  Marine  
  177  17:36  Marine x6  
  183  17:47  Viking x3  
  183  17:53  Marine  
  183  17:54  Marine  
  185  18:02  Banshee  
  176  18:21  Marine  
  176  18:22  Marine x6  
  155  18:39  Marine x2  
Tags
 
Composition
Bio TankMMM Bio
League
GoldGold
Matchup
TvT
Race
Terran
Add a new tag
Caveats
  • Supply blocks, unpowered buildings, or Contaminate may cause inaccurate times.
  • Supply counts are checked every 10 seconds.